 Dungeon Crawl Stone Soup version 0.30-a0-263-ge22c4ad894 (webtiles) character file.

Game seed: 14745040595287127291

56 sscrono2 the Sneak (level 3, 0/26 HPs)
             Began as an Octopode Delver on Oct 13, 2022.
             Was an Initiate of Hepliaklqana.
             Succumbed to a kobold brigand's poison
             ... on level 6 of the Dungeon.
             The game lasted 00:02:05 (1377 turns).

sscrono2 the Sneak (Octopode Delver)                Turns: 1377, Time: 00:02:06

Health: 0/26       AC:  1    Str: 11    XL:     3   Next: 95%
Magic:  3/3        EV: 13    Int: 14    God:    Hepliaklqana [......]
Gold:   27         SH:  0    Dex: 13    Spells: 2/2 levels left

rFire   . . .      SeeInvis .      - Unarmed
rCold   . . .      Faith    .    (no shield)
rNeg    . . .      Spirit   .    (helmet restricted)
rPois   .          Reflect  .    (no amulet)
rElec   .          Harm     .    (no ring)
rCorr   .          Rampage  .    (no ring)
Will    .....                    (no ring)
Stlth   ++++......               (no ring)
HPRegen 0.24/turn                (no ring)
MPRegen 0.08/turn                (no ring)
                                 (no ring)
                                 (no ring)

@: lethally poisoned (0 -> -5)
A: almost no armour, amphibious, 8 rings, camouflage 1, gelatinous body 1,
(nimble swimmer 1), tentacles
a: Renounce Religion


You were on level 6 of the Dungeon.
You worshipped Hepliaklqana.
Hepliaklqana was noncommittal.
You visited 2 branches of the dungeon, and saw 3 of its levels.

You collected 27 gold pieces.

Inventory:

Wands
 e - a wand of digging (3)
Scrolls
 a - a scroll of fog
 b - a scroll of magic mapping


   Skills:
 - Level 3.0 Fighting
 - Level 2.0 Dodging
 - Level 6.6 Stealth
 + Level 4.1 Unarmed Combat


You had 2 spell levels left.
You didn't know any spells.
Your spell library was empty.

Dungeon Overview and Level Annotations

Branches:
Dungeon (6/15)             Temple (1/1) D:6

Altars:
Ashenzari
Hepliaklqana
Trog
Xom


Innate Abilities, Weirdness & Mutations

You cannot wear most types of armour.
You are amphibious.
You can wear up to eight rings at the same time.
Your skin changes colour to match your surroundings (Stealth+).
Your rubbery body absorbs attacks. (AC +1, EV +1)
((You are camouflaged when in or above water. (Stealth+)))
You have tentacles for arms and can constrict up to eight enemies at once.


Message History

You swap places.
You feel sick. The adder misses your butterfly.
The kobold barely misses your butterfly.
Something closely misses your butterfly.
The kobold brigand closely misses your butterfly.
You swap places.
You feel sick. The adder bites your butterfly.
Your butterfly dies!
Your butterfly disappears in a burst of colours!
The kobold brigand closely misses your butterfly.
You swap places.
You feel sick. The adder misses you.
You feel sick.
The orc hits your butterfly with a +0 dagger.
Your butterfly dies!
Your butterfly disappears in a burst of colours!
You swap places.
You feel sick.
You are no longer poisoned.
The adder barely misses you. The adder attacks as you move away!
The adder closely misses you.
The adder closely misses your butterfly.
The adder misses your butterfly.
An orc warrior comes into view. It is wielding a +0 war axe.
You swap places.
The kobold hits you with a +0 short sword.
* * * LOW HITPOINT WARNING * * *
Unknown command.
You tentacle-slap the kobold.
You kill the kobold!
The kobold brigand throws a poisoned dart.
The poisoned dart hits you!
You are lethally poisoned!
Unknown command.
* * * LOW HITPOINT WARNING * * *
You feel sick.
The hound barks!
The orc hits your butterfly with a +0 dagger.
Your butterfly dies!
Your butterfly disappears in a burst of colours!
The adder completely misses your butterfly.
Things that are here:
a +0 short sword; a stone; a ring of protection from cold You die...

...##........o###
...o##.....##.##.
####..#.b.....#..#.
#...#....b....#..#.
##.#..b.h....##[.#.
#..##.So.b...###.#.
##.o#bb.......#..#° ..
##)Kb.#.#.#.....#. ..#
#@...bbb####....#.
...###..#..bb..####..#.
.....#..###.b### #.##.
.S...##.....# ####.
#..###bb#..## #.
..##...##bb#.b.# #.
.......bKb....## #.
.......K#bb..## #.
......######## #.


You could see an orc warrior, a kobold brigand (ally target), a hound, an adder
and an orc.

Vanquished Creatures
  2 iguanas (D:6)
  An orc (D:5)
  3 kobolds (D:6)
6 creatures vanquished.

Notes
Turn   | Place    | Note
-------+----------+-------------------------------------------
     0 | D:5      | sscrono2 the Octopode Delver began the quest for the Orb.
     0 | D:5      | Reached XP level 1. HP: 16/16 MP: 1/1
     2 | D:5      | Found a shimmering altar of Xom.
    24 | D:6      | Noticed an iguana
    46 | D:6      | Found a staircase to the Ecumenical Temple.
    55 | Temple   | Entered the Ecumenical Temple
   117 | Temple   | Became a worshipper of Hepliaklqana the Forgotten
   159 | D:6      | Noticed a jelly
   175 | D:6      | Killed an iguana
   176 | D:6      | Reached XP level 2. HP: 21/21 MP: 2/2
   176 | D:6      | Reached XP level 3. HP: 26/26 MP: 3/3
   242 | D:6      | Noticed an orc warrior
  1346 | D:6      | Noticed a kobold brigand
  1371 | D:6      | Noticed an orc warrior
  1376 | D:6      | HP: 1/26 [poisoned by a kobold brigand]
  1377 | D:6      | Succumbed to a kobold brigand's poison

Illustrated notes

Levels and vault maps discovered:
D:5:      minmay_bubble_buster, layout_cave_pools, amcnicky_altar_gilded,
          nicolae_overflow_hidden_temple, nicolae_dithmenos_the_darkroom,
          minmay_quadrilaterals, uniq_ijyb, uniq_duvessa
D:6:      layout_cave_pools, mainiacjoe_overflow_alcove_2,
          chequers_temple_overflow_minitemple, lemuel_temple_firewalk_b,
          serial_shops, nicolae_shop_behind_doors
Temple:   grunt_temple_mini_profane

Skill      XL: |  1  2  3 |
---------------+----------+-----
Unarmed Combat | 3 4 |  4.1
Fighting       | |  3.0
Dodging        | |  2.0
Stealth        | |  6.6

Action                   || total
-------------------------++-------
Melee: Unarmed           ||    22
       Tentacles         ||     7
       Constrict         ||     5
  Use: Potion            ||     1
       Scroll            ||     2
 Stab: Sleeping          ||     1
Armor: Skin              ||     1
Dodge: Dodged            ||    15

Table legend: (Time is in decaauts)
 A = Elapsed time spent in this place.
 B = Non-inter-level travel time spent in this place.
 C = Inter-level travel time spent in this place.
 D = Time resting spent in this place.
 E = Time spent auto-exploring this place.
 F = Levels seen in this place.
 G = Mean time per level.
                   A        B        C        D        E       F      G
               +--------+--------+--------+--------+--------+-----+--------+
         Total |   1361 |   1337 |     24 |   1034 |     87 |   3 |  453.7 |
       Dungeon |   1283 |   1273 |     10 |   1034 |     36 |   2 |  641.5 |
        Temple |     77 |     63 |     14 |      0 |     51 |   1 |   77.0 |
               +--------+--------+--------+--------+--------+-----+--------+

Top non-repeatable levels by time:
     D:5: 1052 daAuts
     D:6: 231 daAuts
  Temple: 77 daAuts
